 Dungeon Crawl Stone Soup version 0.18.1-48-g4cf74bf (webtiles) character file.

1367 Gargoyl the Covered (level 8, -2/62 HPs)
             Began as a Demonspawn Abyssal Knight on Sept 6, 2016.
             Was an Elder of Lugonu.
             Slain by an orc warrior
             ... wielding a +0 halberd
              (16 damage)
             ... on level 6 of the Dungeon.
             The game lasted 00:10:29 (5036 turns).

Gargoyl the Covered (Demonspawn Abyssal Knight)     Turns: 5036, Time: 00:10:30

Health: -2/62      AC: 18    Str: 20    XL:     8   Next: 38%
Magic:  9/9        EV:  9    Int: 14    God:    Lugonu [****..]
Gold:   254        SH:  0    Dex: 12    Spells: 0 memorised, 7 levels left

rFire  . . .     SeeInvis .     f - +3 great mace "Hivvijeiqo" {elec, Stlth+}
rCold  . . .     Gourm    .     u - +0 chain mail
rNeg   . . .     Faith    .     (shield currently unavailable)
rPois  .         Spirit   .     (no helmet)
rElec  .         Dismiss  .     x - +2 cloak
rCorr  .         Reflect  .     o - +2 pair of gloves
SustAt +         Harm     .     p - +0 pair of boots
MR     .....                    (no amulet)
Stlth  ..........               (no ring)
                                t - ring of sustain attributes

@: mighty, not resistant to hostile enchantments, extremely unstealthy
A: hooves 1, powered by pain 2, spiny 1
a: Depart the Abyss, Bend Space, Banish, Corrupt, Renounce Religion


You were on level 6 of the Dungeon.
You worshipped Lugonu.
Lugonu was greatly pleased with you.
You were not hungry.

You visited 1 branch of the dungeon, and saw 7 of its levels.
You visited the Abyss 1 time.

You collected 254 gold pieces.

Inventory:

Hand Weapons
 f - the +3 great mace "Hivvijeiqo" (weapon) {elec, Stlth+}
   (You found it on level 3 of the Abyss)

   Occasionally, upon striking a foe, it will discharge some electrical energy
   and cause terrible harm.
   It makes you more stealthy.
 n - a +0 broad axe
Missiles
 A - 11 tomahawks (quivered)
Armour
 o - a +2 pair of gloves (worn)
 p - a +0 pair of boots (worn)
 u - a +0 chain mail (worn)
 x - a +2 cloak (worn)
Jewellery
 t - a ring of sustain attributes (left hand)
Scrolls
 a - a scroll of teleportation
 l - 11 scrolls of identify
 m - 2 scrolls of enchant weapon
 s - 3 scrolls of magic mapping
 v - 3 scrolls of remove curse
Potions
 e - 2 potions of agility {unknown}
 g - a potion of magic {unknown}
 h - 2 potions of brilliance {unknown}
 k - 2 potions of flight {unknown}
 q - 2 potions of curing {unknown}
 r - a potion of invisibility {unknown}
 z - a potion of cancellation {unknown}
Comestibles
 b - a meat ration
 c - 4 bread rations
 d - 4 chunks of flesh
 i - 10 fruits
 j - a beef jerky
 w - a royal jelly


   Skills:
 + Level 5.0 Fighting
 + Level 1.9(3.2) Axes
 + Level 4.0(4.3) Maces & Flails
 * Level 6.8 Armour
 + Level 2.9 Dodging
 + Level 1.9 Stealth
 + Level 2.5 Invocations


You had 7 spell levels left.
You didn't know any spells.

Dungeon Overview and Level Annotations

Branches:
Dungeon (7/15)             Temple (0/1) D:5

Altars:
Ashenzari
Cheibriados
Elyvilon
Fedhas
Gozag
Xom
Yredelemnul
The Shining One


Innate Abilities, Weirdness & Mutations

You have large cloven feet.
You sometimes gain power by taking damage.
You are partially covered in sharp spines.


Message History

Unknown command.
Your chain mail prevents you from hitting the orc.
The orc is moderately wounded.
The orc is struck by your spines. The orc closely misses you.
The orc warrior completely misses you.
Unknown command.
You hit the orc.
The orc is heavily wounded.
The orc hits you with a hand axe.
The orc warrior hits you from afar with a halberd!
* * * LOW HITPOINT WARNING * * *
Unknown command.
You closely miss the orc wizard.
The orc warrior hits you but does no damage.
The orc wizard gestures at you while chanting.
The magic dart hits you!
The orc wizard is struck by your spines.
The orc wizard barely misses you.
The orc warrior hits you from afar with a halberd!
You die...

#.# #..).......#
#.# #..........#
#.###....).....##
#.##.....<.[......
#.....#..........#
#.###.#...........
#># ..#.)......(#.
#.#.######.####.#.
##### ##### #@#.
.... .# ....#
#)..# #o# .#### #
....####...#


#oo ...........# .o.. ..###<###..# ....# #########)### .....# .....>#.....#
....## ..#####.....#...#.# #.# #.....# You could see an orc warrior, an orc
wizard and 2 orcs.

Vanquished Creatures
  A water moccasin (D:6)
  2 sky beasts
  An ice beast (D:6)
  3 ogres
  A vampire bat (D:3)
  A crimson imp (D:5)
  A gnoll shaman (D:6)
  2 orc priests
  Crazy Yiuf (D:4)
  A hound (D:7)
  4 orc wizards
  3 worker ants (D:4)
  11 gnolls
  7 adders
  A shadow imp (D:5)
  2 oozes (D:3)
  An adder zombie (D:5)
  2 worms (D:2)
  3 dart slugs
  A giant gecko (D:2)
  25 orcs
  A ball python (D:3)
  15 bats
  6 giant cockroaches
  10 goblins
  11 hobgoblins
  5 jackals
  10 kobolds
  3 quokkas
  7 giant newts
  8 rats
150 creatures vanquished.

Vanquished Creatures (others)
  A quokka (D:5)
1 creature vanquished.

Grand Total: 151 creatures vanquished

Notes
Turn   | Place    | Note
--------------------------------------------------------------
     0 | Abyss:1  | Gargoyl the Demonspawn Abyssal Knight began the quest for the Orb.
     0 | Abyss:1  | Reached XP level 1. HP: 18/18 MP: 2/2
    63 | Abyss:3  | Found a corrupted altar of Lugonu.
    72 | Abyss:3  | Got a slimy great mace
    73 | Abyss:3  | Identified the +3 great mace "Hivvijeiqo" {elec, Stlth+} (You found it on level 3 of the Abyss)
    77 | Abyss:3  | Noticed a quasit
    77 | D:1      | Escaped the Abyss
    78 | D:1      | Noticed a vine stalker
    80 | D:1      | Noticed a vine stalker
    83 | D:1      | Noticed a draconian
    86 | D:1      | Noticed a vampire
    90 | D:1      | Noticed a minotaur zombie
    90 | D:1      | Noticed a troll
    92 | D:1      | Noticed a formicid
    94 | D:1      | Noticed a troll
    96 | D:1      | Noticed a minotaur skeleton
   280 | D:1      | Reached * piety under Lugonu
   302 | D:1      | Reached skill level 1 in Dodging
   302 | D:1      | Gained mutation: You are partially covered in sharp spines. [demonic ancestry]
   302 | D:1      | Reached XP level 2. HP: 11/24 MP: 3/3
   302 | D:1      | Reached skill level 2 in Armour
   939 | D:2      | Found a shattered altar of Ashenzari.
   941 | D:2      | Gained mutation: You sometimes gain a little power by taking damage. [demonic ancestry]
   941 | D:2      | Reached XP level 3. HP: 22/29 MP: 4/4
  1039 | D:2      | Reached ** piety under Lugonu
  1039 | D:2      | Reached skill level 1 in Stealth
  1044 | D:2      | Gained mutation: You sometimes gain power by taking damage. [demonic ancestry]
  1044 | D:2      | Reached XP level 4. HP: 17/37 MP: 5/5
  1301 | D:2      | Reached skill level 3 in Armour
  1450 | D:2      | Found a basalt altar of Yredelemnul.
  2021 | D:3      | Reached XP level 5. HP: 42/42 MP: 6/6
  2228 | D:3      | Found a shimmering altar of Xom.
  2230 | D:3      | Found a shimmering altar of Xom.
  2231 | D:3      | Found a shimmering altar of Xom.
  2232 | D:3      | Found a shimmering altar of Xom.
  2232 | D:3      | Found a shimmering altar of Xom.
  2232 | D:3      | Found a shimmering altar of Xom.
  2232 | D:3      | Found a shimmering altar of Xom.
  2233 | D:3      | Found a shimmering altar of Xom.
  2360 | D:3      | Reached *** piety under Lugonu
  2362 | D:3      | Reached skill level 1 in Maces & Flails
  2790 | D:3      | Found a glowing golden altar of the Shining One.
  2920 | D:3      | Reached skill level 4 in Armour
  2920 | D:3      | Reached XP level 6. HP: 43/48 MP: 7/7
  3241 | D:4      | Found a blossoming altar of Fedhas.
  3369 | D:4      | Reached **** piety under Lugonu
  3550 | D:4      | Noticed Crazy Yiuf
  3555 | D:4      | Killed Crazy Yiuf
  3739 | D:4      | Found an opulent altar of Gozag.
  3982 | D:5      | Entered Level 5 of the Dungeon
  3987 | D:5      | Reached skill level 5 in Armour
  3987 | D:5      | Reached XP level 7. HP: 40/54 MP: 8/8
  4003 | D:5      | Found a staircase to the Ecumenical Temple.
  4145 | D:5      | Found a white marble altar of Elyvilon.
  4332 | D:5      | Found a snail-covered altar of Cheibriados.
  4590 | D:7      | Reached skill level 6 in Armour
  4706 | D:7      | Gained mutation: You have large cloven feet. [demonic ancestry]
  4706 | D:7      | Reached XP level 8. HP: 39/61 MP: 9/9
  5026 | D:6      | Reached skill level 5 in Fighting
  5036 | D:6      | Slain by an orc warrior

Skill      XL: |  1  2  3  4  5  6  7  8 |
---------------+-------------------------+-----
Dodging        | 1 2 |  2.9
Armour         | 2 3 4 5 6 |  6.8
Stealth        | 1 |  1.9
Maces & Flails | 1 2 3 4 |  4.0
Fighting       | 4 5 |  5.0
Axes           | |  1.9
Invocations    | |  2.5

Action                   |  1- 3 |  4- 6 |  7- 9 || total
-------------------------+-------+-------+-------++-------
Melee: Great mace        |    43 |    92 |    60 ||   195
Throw: Tomahawk          |       |     2 |     7 ||     9
Invok: Depart the Abyss  |     1 |       |       ||     1
  Use: Scroll            |       |       |    16 ||    16
 Stab: Sleeping          |     3 |     2 |       ||     5
  Eat: Chunk             |     1 |     8 |     4 ||    13
Armor: Ring mail         |    14 |    15 |       ||    29
       Chain mail        |       |    34 |    40 ||    74
Dodge: Dodged            |    28 |    50 |    29 ||   107
